 Dungeon Crawl Stone Soup version 0.29.0-11-gd7f09526c8 (webtiles) character file.

Game seed: 17009131359464036235

2443 experimilk the Cleaver (level 9, -1/67 HPs)
             Began as a Palentonga Fighter on Sept 3, 2022.
             Was a Believer of Makhleb.
             Collided with a rock wall (10 damage)
             ... caused by Erica
             ... on level 8 of the Dungeon.
             The game lasted 00:21:38 (9102 turns).

experimilk the Cleaver (Palentonga Fighter)         Turns: 9102, Time: 00:21:39

Health: -1/67      AC: 18    Str: 26    XL:     9   Next: 25%
Magic:  9/9        EV:  4    Int:  9    God:    Makhleb [**....]
Gold:   303        SH:  4    Dex:  9    Spells: 8/8 levels left

rFire   . . .      SeeInvis +   a - +1 war axe
rCold   . . .      Faith    .   c - +0 buckler
rNeg    . . .      Spirit   .   u - +0 plate armour
rPois   +          Reflect  .   h - +0 helmet
rElec   .          Harm     .   (no cloak)
rCorr   .          Rampage  .   (no gloves)
Will    +....                   (no barding)
Stlth   ..........              (no amulet)
HPRegen 0.21/turn               i - ring of willpower
MPRegen 0.11/turn               l - ring of poison resistance

@: slowed, curled up, very slow
A: large, rugged brown scales 3, see invisible, deformed body, roll 1, armoured
tail, reflexive curl
a: Rolling Charge, Renounce Religion, Minor Destruction


You were on level 8 of the Dungeon.
You worshipped Makhleb.
Makhleb was pleased with you.
You visited 1 branch of the dungeon, and saw 8 of its levels.

You collected 528 gold pieces.
You spent 225 gold pieces at shops.

Inventory:

Hand Weapons
 a - a +1 war axe (weapon)
Missiles
 d - 5 boomerangs (quivered)
 x - 3 silver boomerangs
Armour
 b - a +0 scale mail
 c - a +0 buckler (worn)
 h - a +0 helmet (worn)
 u - a +0 plate armour (worn)
Jewellery
 f - a ring of wizardry
 i - a ring of willpower (left hand)
 l - a ring of poison resistance (right hand)
Wands
 g - a wand of flame (4)
Scrolls
 n - 5 scrolls of teleportation
 t - 2 scrolls of enchant weapon
 y - 2 scrolls of poison
 z - a scroll of amnesia
 A - a scroll of enchant armour
 B - a scroll of fear
Potions
 e - 4 potions of heal wounds
 j - 2 potions of brilliance
 k - a potion of resistance {unknown}
 m - 2 potions of lignification {unknown}
 o - 3 potions of attraction
 p - 2 potions of ambrosia {unknown}
 q - 4 potions of curing {unknown}
 r - a potion of invisibility {unknown}
 v - 2 potions of mutation {unknown}
 w - 2 potions of cancellation {unknown}


   Skills:
 - Level 3.0 Fighting
 * Level 10.8 Axes
 + Level 5.3 Armour
 - Level 3.0 Shields
 - Level 2.5 Evocations


You had 8 spell levels left.
You didn't know any spells.
Your spell library contained the following spells:

 Spells                   Type           Power      Damage    Failure   Level
 Apportation              Tloc           0%         N/A       100%        1
 Necrotise                Necr           0%         1d4       100%        1
 Summon Small Mammal      Summ           0%         N/A       100%        1
 Gell's Gravitas          Tloc           0%         N/A       100%        3
 Portal Projectile        Hex/Tloc       0%         N/A       100%        3
 Teleport Other           Tloc           0%         N/A       100%        3
 Tukima's Dance           Hex            0%         N/A       100%        3
 Blade Hands              Tmut           0%         N/A       100%        5
 Dispersal                Tloc           0%         N/A       100%        6


Dungeon Overview and Level Annotations

Branches:
Dungeon (8/15)             Temple (0/1) D:6
   Lair: D:8-11

Altars:
Dithmenos
Makhleb
Xom

Shops:
D:1 ?   D:5 :

Portals:
Abyss: D:3

Annotations:
D:3 2 transporters, Tollund's ghost, novice GnWr
D:4 3 runed translucent doors, xian's ghost, weakling OpDe
D:5 1 runed translucent door, Crazy Yiuf
D:8 Erica


Innate Abilities, Weirdness & Mutations

You are completely covered in rugged brown scales. (AC +3, +7% HP)
You have supernaturally acute eyesight. (SInv)
Armour fits poorly on your strangely shaped body.
You can roll at nearby foes to attack.
You have a long armoured tail.
You curl defensively after being hit. (AC +7*)


Message History

Aiming: Minor Destruction (24% risk of failure)
Press: ? - help, Shift-Dir - straight line, f - Erica
Aim: Erica, wielding a +3 scimitar of flaming and wearing a +0 robe The zap hits Erica.
Erica is lightly wounded.
Erica points at you and mumbles some strange words.
You feel yourself slow down.
Roll where?
Press: ? - help, Dir - move target, f/p - Erica
Aim: Erica, wielding a +3 scimitar of flaming and wearing a +0 robe (lightly wounded)
You roll forward with a clatter of scales!
You barely miss Erica.
Erica is lightly wounded.
Erica mumbles some strange words.
Erica flickers and vanishes for a moment.
Erica hits you with a +3 scimitar of flaming!
Erica burns you.
You slash Erica!
Your tail-slap misses Erica.
Erica is lightly wounded.
Erica looks angry.
Erica hits you with a +3 scimitar of flaming.
Erica burns you.
You closely miss Erica.
Erica is lightly wounded.
Erica hits you with a +3 scimitar of flaming.
Erica burns you. Erica gestures at you while chanting.
The lance of force hits you!
You are knocked back by the lance of force.
You see here a +0 dagger.
Erica barely misses you.
There is a stone staircase leading up here.
You closely miss Erica.
Erica is lightly wounded.
Erica gestures at you while chanting. The lance of force hits you!!
* * * LOW HITPOINT WARNING * * *
You are knocked back by the lance of force.
You slam into the rock wall!
You die...

#... ##...
#.... ....
....# #....
#..## ...#
#..####..#
#...##...#
##).).....###
#@.<@.......#
#..).#...#...
......####..#
###..##
#...## #..
##...# ##.
#..[.# #.
##..... ##
#.......
..........


You could see Erica (invisible).

Vanquished Creatures
  Eustachio (D:4)
  2 black bears (D:6)
  2 orc warriors
  2 ice beasts
  A centaur (D:6)
  2 phantoms
  A kobold brigand (D:7)
  A bullfrog (D:6)
  A necrophage (D:6)
  2 scorpions
  3 wights (D:7)
  3 howler monkeys (D:7)
  3 jellies
  3 orc priests
  7 hounds
  2 gnoll boudas
  3 iguanas
  4 orc wizards
  Robin (D:4)
  6 adders
  9 gnolls
  2 dart slugs
  4 worms
  29 orcs
  9 ball pythons
  9 endoplasms
  2 giant cockroaches
  18 goblins
  12 hobgoblins
  10 jackals
  4 quokkas
  7 bats
  9 kobolds
  7 rats
181 creatures vanquished.

Notes
Turn   | Place    | Note
-------+----------+-------------------------------------------
     0 | D:1      | experimilk the Palentonga Fighter began the quest for the
                  | Orb.
     0 | D:1      | Reached XP level 1. HP: 19/19 MP: 1/1
    39 | D:1      | Reached XP level 2. HP: 12/25 MP: 2/2
   445 | D:1      | Reached XP level 3. HP: 31/31 MP: 3/3
   621 | D:1      | Found Zucwog's Magic Scroll Shoppe.
   622 | D:1      | Reached skill level 3 in Axes
   641 | D:1      | Bought a scroll of identify for 20 gold pieces
   782 | D:1      | Found a faded altar of an unknown god.
  1961 | D:3      | Reached XP level 4. HP: 37/37 MP: 4/4
  1967 | D:3      | Reached skill level 4 in Axes
  2283 | D:3      | Reached XP level 5. HP: 35/43 MP: 5/5
  2657 | D:3      | Found a transporter.
  2701 | D:3      | Found a transporter.
  2703 | D:3      | Noticed Tollund's ghost (novice GnWr)
  2707 | D:3      | Reached skill level 5 in Axes
  2708 | D:3      | Noticed a small abomination
  2874 | D:3      | Found a one-way gate to the infinite horrors of the Abyss.
  3387 | D:4      | Reached skill level 1 in Evocations
  3417 | D:4      | Noticed Robin
  3425 | D:4      | Killed Robin
  3681 | D:4      | Noticed Eustachio
  3700 | D:4      | Killed Eustachio
  3701 | D:4      | Reached skill level 6 in Axes
  3701 | D:4      | Reached XP level 6. HP: 19/50 MP: 6/6
  3912 | D:4      | You fall into a shaft and drop 3 floors!
  3925 | D:7      | Noticed an orc warrior
  3953 | D:5      | Entered Level 5 of the Dungeon
  4182 | D:4      | Found a burning altar of Makhleb.
  4184 | D:4      | Gained mutation: You curl defensively after being hit. (AC
                  | +7*) [Palentonga growth]
  4184 | D:4      | Reached XP level 7. HP: 48/55 MP: 7/7
  4204 | D:4      | Became a worshipper of Makhleb the Destroyer
  4526 | D:4      | Found a runed translucent gate.
  4526 | D:4      | Found a runed translucent gate.
  4527 | D:4      | Found a runed translucent gate.
  4529 | D:4      | Noticed xian's ghost (weakling OpDe)
  4608 | D:4      | Reached skill level 7 in Axes
  5201 | D:5      | Found a runed translucent door.
  5202 | D:5      | Noticed Crazy Yiuf
  5295 | D:5      | Reached skill level 8 in Axes
  5515 | D:5      | Reached * piety under Makhleb
  5565 | D:5      | Found Zyatyg's Book Emporium.
  5648 | D:5      | Reached XP level 8. HP: 61/62 MP: 8/8
  5795 | D:5      | Found the +7 staff of the Meek {protect, meekguard}
  6265 | D:6      | Found a staircase to the Ecumenical Temple.
  6320 | D:6      | Reached skill level 9 in Axes
  6463 | D:6      | Found a shimmering altar of Xom.
  6475 | D:6      | Found a shadowy altar of Dithmenos.
  7250 | D:6      | Reached skill level 10 in Axes
  7458 | D:7      | Reached XP level 9. HP: 67/67 MP: 9/9
  7469 | D:7      | Reached skill level 5 in Armour
  7885 | D:1      | Bought a scroll of identify for 20 gold pieces
  7885 | D:1      | Bought a scroll of teleportation for 30 gold pieces
  7885 | D:1      | Bought a scroll of poison for 40 gold pieces
  7885 | D:1      | Bought a scroll of poison for 40 gold pieces
  7885 | D:1      | Bought a scroll of enchant armour for 75 gold pieces
  8647 | D:8      | Noticed Erica
  8659 | D:8      | Reached ** piety under Makhleb
  9102 | D:8      | Collided with a rock wall

Illustrated notes

Levels and vault maps discovered:
D:1:      reono_arrival_mine, layout_rooms, serial_shops, shop,
          chequers_ecumenical_altar_simple
D:2:      layout_basic, kennysheep_cross_bottleneck
D:3:      layout_basic, gammafunk_ghost_abyssal_escape
D:4:      layout_basic, lightli_temple_of_fire, ebering_ghost_rock_garden,
          uniq_eustachio, uniq_robin
D:5:      layout_basic, serial_shops, shop_coins, pf_guarded_unrand_meek,
          uniq_crazy_yiuf_cottage
D:6:      layout_gridville, mainiacjoe_overflow_cross_hatched,
          lemuel_tele_altar, minmay_temple_entry_arrows, nrook_mini_vaults,
          minmay_misc_feat_enclosed
D:7:      layout_cave_pools
D:8:      layout_layer_cave, nicolae_overflow_hidden_temple,
          minmay_lair_entry_grove, uniq_erica, uniq_grum

Skill      XL: |  1  2  3  4  5  6  7  8  9 |
---------------+----------------------------+-----
Shields        | 3 |  3.0
Axes           | 3 4 6 8 10 | 10.8
Armour         | 3 4 5 |  5.3
Evocations     | 2 |  2.5
Fighting       | |  3.0

Action                   |  1- 3 |  4- 6 |  7- 9 || total
-------------------------+-------+-------+-------++-------
Melee: War axe           |    96 |   113 |   256 ||   465
       Tailslap          |    12 |     9 |    35 ||    56
Throw: Stone             |     5 |     3 |       ||     8
       Boomerang         |       |     3 |       ||     3
Invok: Minor Destruction |       |       |     1 ||     1
 Abil: Rolling Charge    |    30 |    21 |    38 ||    89
Evoke: Wand              |       |     4 |     8 ||    12
  Use: Potion            |     1 |     5 |     3 ||     9
       Scroll            |     5 |     1 |     8 ||    14
Armor: Scale mail        |    39 |    72 |    31 ||   142
       Plate armour      |       |       |   120 ||   120
Dodge: Dodged            |    28 |    51 |    46 ||   125
Block: Buckler           |     9 |    38 |    52 ||    99
